[Event "Titled Tuesday Blitz August 1 Early 2023"]
[White "Ashraf, Artin"]
[Black "Fontaine, Quentin"]
[WhiteFideId "22514805"]
[BlackFideId "230804"]
[WhiteElo "2854"]
[BlackElo "2458"]
[Result "1-0"]
[Round "1"]
[TimeControl "180+1"]
[Date "2023.08.01"]
[WhiteClock "0:00:13"]
[BlackClock "0:00:05"]
[Board "46"]

1. e4 e5 2. Nf3 Nc6 3. Bb5 a6 4. Ba4 Nf6 5. d3 d6 6. c3 Bd7 7. O-O g6 8. Re1 Bg7 9. h3 O-O 10. d4 h6 11. d5 Ne7 12. c4 Bxa4 13. Qxa4 Nd7 14. Nc3 f5 15. Rb1 Nc5 16. Qd1 Qd7 17. b4 Nxe4 18. Nxe4 fxe4 19. Rxe4 Rf7 20. Rb3 Raf8 21. Rd3 b5 22. c5 c6 23. dxc6 Qxc6 24. Re1 dxc5 25. Rd6 Qc8 26. bxc5 Qxc5 27. Rxa6 Kh7 28. Qd3 Rf6 29. Rxf6 Rxf6 30. Be3 Qd5 31. Qb1 e4 32. Nd4 Nf5 33. Nxb5 Nxe3 34. Rxe3 Re6 35. Nc7 1-0


[Site "https://www.chess.com"]

[Event "Titled Tuesday Blitz August 1 Early 2023"]
[White "Devaev, Alexander"]
[Black "Ter-Sahakyan, Samvel"]
[WhiteFideId "4169395"]
[BlackFideId "13302531"]
[WhiteElo "2458"]
[BlackElo "2846"]
[Result "0-1"]
[Round "1"]
[TimeControl "180+1"]
[Date "2023.08.01"]
[WhiteClock "0:00:20"]
[BlackClock "0:00:04"]
[Board "47"]

1. d4 Nf6 2. c4 e6 3. Nf3 c5 4. d5 d6 5. Nc3 exd5 6. cxd5 g6 7. e4 Bg7 8. h3 O-O 9. Bd3 b5 10. Nxb5 Re8 11. O-O Nxe4 12. Qa4 Nf6 13. Bg5 Bd7 14. Rfe1 a6 15. Qa3 Bxb5 16. Bxb5 Rxe1+ 17. Rxe1 Nbd7 18. Bc6 Ra7 19. b4 h6 20. Be3 Ne4 21. bxc5 Ndxc5 22. Bxc5 Re7 23. Bd4 Bxd4 24. Nxd4 Qb6 25. Qe3 Kh7 26. Nb3 Qb4 27. f3 f5 28. Qc1 Qb6+ 29. Kh2 Qf2 30. fxe4 f4 31. Qd2 Qg3+ 32. Kh1 h5 33. Nd4 a5 34. Nf3 g5 35. e5 g4 36. exd6 gxf3 37. Rxe7+ Kh6 38. Re6+ Kg5 39. Be8 Kh4 40. Qe1 f2 41. Qf1 f3 42. Re4+ Kg5 43. h4+ Kh6 44. Re6+ Kh7 45. Rg6 Qxh4# 0-1


[Site "https://www.chess.com"]

[Event "Titled Tuesday Blitz August 1 Early 2023"]
[White "Rustemov, Alexander"]
[Black "Balla, Tamas-Kristof"]
[WhiteFideId "4119002"]
[BlackFideId "1208497"]
[WhiteElo "2841"]
[BlackElo "2457"]
[Result "1-0"]
[Round "1"]
[TimeControl "180+1"]
[Date "2023.08.01"]
[WhiteClock "0:00:26"]
[BlackClock "0:00:03"]
[Board "48"]

1. d4 d5 2. c4 e6 3. Nc3 c5 4. cxd5 exd5 5. Nf3 Nc6 6. g3 Nf6 7. Bg2 cxd4 8. Nxd4 Bc5 9. Nb3 Bb6 10. O-O d4 11. Na4 O-O 12. Bg5 Re8 13. Re1 h6 14. Bxf6 Qxf6 15. Nxb6 axb6 16. Bxc6 bxc6 17. Qxd4 Qxd4 18. Nxd4 c5 19. Nb5 Ra5 20. Nd6 Rd8 21. Nxc8 Rxc8 22. Red1 Rca8 23. a3 b5 24. Rac1 b4 25. axb4 cxb4 26. Rd4 Rb5 27. Kg2 h5 28. Rcc4 Ra2 29. Rd2 g6 30. h4 Kg7 31. e4 b3 32. Rc3 Rb4 33. Kf3 Kf6 34. Ke3 Ra5 35. f3 Ra8 36. Rd7 Ra2 37. Rd2 Ra7 38. Kf4 Kg7 39. Rc6 Rb5 40. Rcd6 Ra2 41. Rd7 Ra6 42. Rc7 Rf6+ 43. Ke3 Rbb6 44. Rdd7 Rb5 45. f4 Rbb6 46. e5 Rf5 47. Rb7 Rc6 48. Rxb3 Rc2 49. e6 Kf8 50. Rb8+ Kg7 51. e7 1-0


[Site "https://www.chess.com"]

[Event "Titled Tuesday Blitz August 1 Early 2023"]
[White "Mmukka"]
[Black "Mitrabha, Guha"]
[BlackFideId "5057000"]
[WhiteElo "2456"]
[BlackElo "2840"]
[Result "0-1"]
[Round "1"]
[TimeControl "180+1"]
[Date "2023.08.01"]
[WhiteClock "0:00:03"]
[BlackClock "0:00:52"]
[Board "49"]

1. e4 c6 2. d4 d5 3. exd5 cxd5 4. Bd3 Nf6 5. h3 Nc6 6. c3 e6 7. Bf4 Bd6 8. Bxd6 Qxd6 9. Nf3 O-O 10. O-O b6 11. Re1 a5 12. Qe2 h6 13. Nbd2 Qc7 14. a4 Bb7 15. Ne5 Nxe5 16. dxe5 Nd7 17. Bc2 Ba6 18. Qg4 Nxe5 19. Qg3 f6 20. f4 Nc6 21. Rxe6 Nd4 22. cxd4 Qxc2 23. Re7 Rf7 24. Rxf7 Kxf7 25. Nf3 Re8 26. h4 h5 27. Kh2 Bd3 28. Ne1 Qxb2 29. Rd1 Be4 30. Nf3 Rc8 31. Re1 Rc3 32. Kh1 Rc1 33. f5 Bxf5 34. Rxc1 Qxc1+ 35. Kh2 Qc8 36. Qd6 Be4 37. Qxb6 Kg6 38. Qxa5 Qb8+ 39. Kh3 Bf5+ 40. g4 hxg4+ 41. Kg2 gxf3+ 42. Kxf3 Be4+ 43. Kf2 Qf4+ 44. Ke2 Qf3+ 45. Kd2 Qf2+ 46. Kc3 Qe1+ 47. Kb2 Qxa5 0-1


[Site "https://www.chess.com"]

[Event "Titled Tuesday Blitz August 1 Early 2023"]
[White "Sosa, Tomas"]
[Black "Dinu, Dumitru-Daniel"]
[WhiteFideId "121576"]
[BlackFideId "1208403"]
[WhiteElo "2839"]
[BlackElo "2456"]
[Result "1/2-1/2"]
[Round "1"]
[TimeControl "180+1"]
[Date "2023.08.01"]
[WhiteClock "0:00:07"]
[BlackClock "0:00:10"]
[Board "50"]

1. e4 c5 2. Nc3 Nc6 3. Bb5 g6 4. Bxc6 dxc6 5. f4 Bg7 6. Nf3 Nf6 7. O-O O-O 8. d3 b6 9. Qe1 Bg4 10. Ne5 Bd7 11. Qh4 Ne8 12. Nf3 e6 13. Qg3 Nf6 14. e5 Nd5 15. Ne4 f6 16. Bd2 Qc7 17. c4 Ne7 18. Bc3 f5 19. Nf6+ Bxf6 20. exf6 Nc8 21. Ng5 Qd8 22. Nxh7 Kxh7 23. f7 g5 24. fxg5 Kg6 25. Bf6 Ne7 26. Qh3 Rh8 27. Qe3 Kxf7 28. Bxh8 Qxh8 29. Rae1 Ng6 30. g4 Qd4 31. Qxd4 cxd4 32. gxf5 exf5 33. Rf2 Re8 34. Rxe8 Kxe8 35. Kf1 Kf7 36. Ke2 f4 37. Kd2 Bf5 38. Re2 Bg4 39. Re1 f3 40. Rg1 Bh3 41. Rg3 f2 42. Rf3+ Ke6 43. Rxf2 Bf5 44. Re2+ Kf7 45. Rf2 Ke6 46. b4 Ne5 47. Re2 Kd6 48. Rf2 Ke6 49. h4 Bxd3 50. Rf6+ Ke7 51. h5 Bxc4 52. h6 Bg8 53. Rf5 Ng6 54. Rf6 Ne5 55. Rf5 Ng6 56. Kd3 Bh7 57. Kxd4 Ke6 58. Rf6+ Ke7 59. Rxc6 Nf8 60. Rc7+ Nd7 61. Rc6 Nf8 62. Rc7+ Nd7 63. Rxa7 Kd6 64. Ra8 Ke7 65. Rc8 Nf8 66. Rc7+ Nd7 67. Rc6 Nf8 68. Rf6 Ne6+ 69. Kd5 Nxg5 70. Rxb6 Bg8+ 71. Kd4 Ne6+ 72. Ke5 Nf8 73. Rb7+ Nd7+ 74. Kd4 Bh7 75. a4 Kd6 76. a5 Kc6 77. Ra7 Bf5 78. Ra6+ Kc7 79. b5 Nb8 80. Ra7+ Kc8 81. h7 Bxh7 82. Rxh7 Nd7 83. Kd5 Nf6+ 84. Kc6 Nxh7 85. a6 Kb8 86. b6 Nf6 87. a7+ Ka8 88. b7+ Kxa7 89. Kc7 Nd5+ 90. Kc6 Ne7+ 91. Kc7 Nd5+ 92. Kc6 Ne7+ 93. Kd7 Kxb7 1/2-1/2


[Site "https://www.chess.com"]

[Event "Titled Tuesday Blitz August 1 Early 2023"]
[White "Avazkhonov, Alikhon"]
[Black "Talibov, Shiroghlan"]
[WhiteFideId "14208504"]
[BlackFideId "13429078"]
[WhiteElo "2455"]
[BlackElo "2837"]
[Result "0-1"]
[Round "1"]
[TimeControl "180+1"]
[Date "2023.08.01"]
[WhiteClock "0:00:07"]
[BlackClock "0:01:51"]
[Board "51"]

1. d4 e6 2. Nc3 Bb4 3. e4 d5 4. e5 b6 5. Qg4 Kf8 6. h4 Ba6 7. h5 Nh6 8. Bxh6 gxh6 9. Qf4 Qg5 10. Qxg5 hxg5 11. h6 Bxc3+ 12. bxc3 Bxf1 13. Kxf1 Ke7 14. Nf3 Rg8 15. g4 c5 16. Re1 Nd7 17. Rh5 f6 18. exf6+ Kxf6 19. Re3 Rac8 20. Kg2 a5 21. a3 a4 22. Kg3 cxd4 23. Nxd4 Ne5 24. f4 gxf4+ 0-1


[Site "https://www.chess.com"]

[Event "Titled Tuesday Blitz August 1 Early 2023"]
[White "Kazakouski, Valery"]
[Black "Bychkov, Vladimir"]
[WhiteFideId "13507443"]
[BlackFideId "24151513"]
[WhiteElo "2827"]
[BlackElo "2455"]
[Result "1-0"]
[Round "1"]
[TimeControl "180+1"]
[Date "2023.08.01"]
[WhiteClock "0:00:59"]
[BlackClock "0:00:09"]
[Board "52"]

1. Nf3 d5 2. c4 c6 3. g3 Nf6 4. Bg2 g6 5. b3 Bg7 6. Bb2 O-O 7. O-O Bf5 8. d3 a5 9. Nc3 h5 10. Qc2 Na6 11. a3 Nc5 12. Rfc1 a4 13. Nxa4 Nxa4 14. bxa4 Qa5 15. cxd5 cxd5 16. Qc7 Qxa4 17. Nd4 Ne8 18. Qxb7 Ra7 19. Qb4 Qd7 20. Qd2 Nd6 21. Nc6 Bxb2 22. Qxb2 Rb7 23. Qe5 e6 24. e4 dxe4 25. dxe4 Rb5 26. Qd4 e5 27. Nxe5 Qe6 28. exf5 Qxe5 29. Qxe5 Rxe5 30. fxg6 fxg6 31. Rc6 Rf6 32. Rd1 Ne8 33. Rxf6 Nxf6 34. a4 Ra5 35. Ra1 Nd7 36. Bc6 Nc5 37. Bb5 Kg7 38. Kf1 Kf6 39. Ke2 Ke5 40. Ke3 g5 41. f4+ gxf4+ 42. gxf4+ Kf6 43. Ra2 Ra8 44. Kd4 Ne6+ 45. Ke4 Nc5+ 46. Kd5 Ne6 47. Rf2 h4 48. f5 Rd8+ 49. Kc6 Nd4+ 50. Kc7 Ra8 51. Rf4 Ke5 52. Rxh4 Nxf5 53. Rb4 Nd6 54. Rb1 Ra7+ 55. Kb6 Ra8 56. Re1+ Kd4 57. Rd1+ Ke5 58. Bc6 Rb8+ 59. Kc7 Rc8+ 60. Kd7 Rh8 61. Re1+ Kd4 62. Kxd6 1-0


[Site "https://www.chess.com"]

[Event "Titled Tuesday Blitz August 1 Early 2023"]
[White "favesaul"]
[Black "Kovalenko, Igor"]
[BlackFideId "14117908"]
[WhiteElo "2454"]
[BlackElo "2827"]
[Result "0-1"]
[Round "1"]
[TimeControl "180+1"]
[Date "2023.08.01"]
[WhiteClock "0:00:00"]
[BlackClock "0:01:19"]
[Board "53"]

1. e4 c5 2. Nf3 e6 3. d4 cxd4 4. Nxd4 Nf6 5. Nc3 Nc6 6. Be2 Bb4 7. O-O O-O 8. Nxc6 bxc6 9. e5 Ne8 10. Ne4 f5 11. exf6 Nxf6 12. Bg5 d5 13. Nxf6+ gxf6 14. Bh6 Rf7 15. c4 e5 16. Qa4 a5 17. Rad1 d4 18. Qxc6 Ra6 19. Qe4 f5 20. Qxe5 Rxh6 21. Rxd4 Qf8 22. Rfd1 Re6 23. Qg3+ Rg7 24. Qd3 Re8 25. Bf3 Bc5 26. Rd5 Be6 27. Re5 Rd7 28. Bd5 Bxd5 29. Rxd5 Rxd5 30. Qxd5+ Kg7 31. g3 Re2 32. Rf1 Kg6 33. h4 Kf6 34. Kg2 Qd6 35. Qb7 Qe6 36. Qb8 Qe4+ 37. Kh3 Kg7 38. Qc7+ Qe7 39. Qf4 Qe6 40. Qc7+ Be7 41. Kg2 Rxb2 42. Rd1 Rxa2 43. Rd5 Re2 0-1


[Site "https://www.chess.com"]

[Event "Titled Tuesday Blitz August 1 Early 2023"]
[White "Pichot, Alan"]
[Black "chessmateto"]
[WhiteFideId "110973"]
[WhiteElo "2827"]
[BlackElo "2453"]
[Result "1-0"]
[Round "1"]
[TimeControl "180+1"]
[Date "2023.08.01"]
[WhiteClock "0:01:32"]
[BlackClock "0:00:09"]
[Board "54"]

1. d4 d5 2. Nf3 Nf6 3. c4 c6 4. e3 Bf5 5. Nc3 e6 6. Be2 Nbd7 7. Nh4 Be4 8. O-O Be7 9. f3 Bg6 10. g3 O-O 11. Nxg6 hxg6 12. b3 Rc8 13. Bb2 Qb6 14. c5 Qc7 15. f4 a5 16. a3 b6 17. b4 bxc5 18. bxc5 Rb8 19. Rb1 Ne4 20. Qc2 f5 21. Nxe4 fxe4 22. Bg4 Rf6 23. Bc3 Nf8 24. Rxb8 Qxb8 25. Rb1 Qc7 26. Qa4 g5 27. Qxa5 Qd7 28. Qa8 gxf4 29. Rb7 Qd8 30. Qxd8 Bxd8 31. gxf4 g5 32. fxg5 Rg6 33. h4 Bxg5 34. hxg5 Rxg5 35. a4 Rxg4+ 36. Kf2 Rh4 37. Kg3 Rh1 38. a5 Rc1 39. Bb2 Rc4 40. a6 Ra4 41. a7 Ra6 42. Bc3 Ra3 43. Kf4 Ng6+ 44. Kg5 Nf8 45. Kf6 Ra4 46. Ke7 Ra2 47. Kd6 Ra6 48. Be1 Kh8 49. Bh4 Kg8 50. Bd8 Kh8 51. Bb6 Kg8 52. Rb8 1-0


[Site "https://www.chess.com"]

[Event "Titled Tuesday Blitz August 1 Early 2023"]
[White "Necromon"]
[Black "Neiksans, Arturs"]
[BlackFideId "11601388"]
[WhiteElo "2452"]
[BlackElo "2822"]
[Result "1/2-1/2"]
[Round "1"]
[TimeControl "180+1"]
[Date "2023.08.01"]
[WhiteClock "0:00:06"]
[BlackClock "0:00:03"]
[Board "55"]

1. Nf3 Nf6 2. b3 b6 3. Bb2 Bb7 4. g3 g6 5. Bg2 Bg7 6. O-O O-O 7. c4 c5 8. Nc3 Na6 9. d4 cxd4 10. Qxd4 d6 11. Rad1 Nc5 12. Nd5 b5 13. Ne3 Nce4 14. Qd3 bxc4 15. Nxc4 Ba6 16. Nfd2 Nxd2 17. Qxd2 Rc8 18. Ne3 Re8 19. Rc1 e6 20. Rxc8 Bxc8 21. Rc1 d5 22. h4 Ba6 23. Rc6 Bb5 24. Rc5 Qb8 25. Qc3 Bxe2 26. Qc2 Ba6 27. Rc6 Rc8 28. Rxc8+ Qxc8 29. Qd2 Bb7 30. Qd4 Nh5 31. Qd2 Qc5 32. Bxg7 Kxg7 33. Ng4 Kg8 34. Qb2 Kf8 35. Qh8+ Ke7 36. Qxh7 Nxg3 37. Ne5 Ne2+ 38. Kf1 Qc1+ 39. Kxe2 Qb2+ 40. Kf1 Qxe5 41. Qg8 Ba6+ 42. Kg1 Qe1+ 43. Kh2 Qxf2 44. Qb8 Qxh4+ 45. Kg1 Qd4+ 46. Kh2 Bd3 47. Qc7+ Kf6 48. Qd8+ Kg7 49. Qc7 g5 50. Qd8 Qf4+ 51. Kh1 Be4 52. Bxe4 Qxe4+ 53. Kg1 Qe3+ 54. Kg2 Qf4 55. b4 g4 56. b5 g3 57. a4 Qf2+ 58. Kh3 Qe3 59. a5 Kg6 60. b6 axb6 61. axb6 Qf3 62. Qg8+ Kf6 63. Qxg3 Qf1+ 64. Kh4 Qh1+ 65. Qh3 Qe1+ 66. Qg3 Qe4+ 67. Kh5 Qh7+ 68. Kg4 Qf5+ 69. Kh4 Qh7+ 70. Kg4 Qg6+ 71. Kh4 Qh6+ 72. Kg4 Qg5+ 73. Kh3 Qf5+ 74. Kh4 Qh7+ 75. Kg4 1/2-1/2


[Site "https://www.chess.com"]

[Event "Titled Tuesday Blitz August 1 Early 2023"]
[White "Sychev, Klementy"]
[Black "Kokoszczynski, Jan"]
[WhiteFideId "4114060"]
[BlackFideId "1174460"]
[WhiteElo "2818"]
[BlackElo "2451"]
[Result "1-0"]
[Round "1"]
[TimeControl "180+1"]
[Date "2023.08.01"]
[WhiteClock "0:00:03"]
[BlackClock "0:00:01"]
[Board "56"]

1. e4 e5 2. Nf3 Nc6 3. d4 exd4 4. c3 d5 5. exd5 Qxd5 6. cxd4 Bg4 7. Be2 Bb4+ 8. Nc3 Nf6 9. O-O Bxc3 10. bxc3 O-O 11. h3 Bh5 12. c4 Qd6 13. d5 Ne7 14. Qb3 b6 15. Ba3 Qd8 16. Rfe1 Re8 17. Rad1 Bg6 18. Ne5 Nf5 19. Bf1 Nd6 20. Bb2 a5 21. Nc6 Qd7 22. Bxf6 gxf6 23. Qb2 Rxe1 24. Rxe1 Re8 25. Rxe8+ Nxe8 26. Qd4 Qd6 27. Qe3 Kf8 28. h4 Ng7 29. Bd3 Bxd3 30. Qxd3 Kg8 31. Qe4 Qa3 32. Qf4 Qd6 33. Qe4 f5 34. Qe3 f4 35. Qe4 Qf6 36. Qe2 Qxh4 37. Qe5 h5 38. Qxc7 f3 39. gxf3 Qg5+ 40. Kf1 Qc1+ 41. Kg2 h4 42. Qe5 Qxc4 43. Ne7+ Kf8 44. d6 Qe6 45. Qf4 Qd5 46. Nxd5 1-0


[Site "https://www.chess.com"]

[Event "Titled Tuesday Blitz August 1 Early 2023"]
[White "Miszler, Levente"]
[Black "Ozen, Bahadir"]
[WhiteFideId "763276"]
[BlackFideId "6337058"]
[WhiteElo "2450"]
[BlackElo "2817"]
[Result "0-1"]
[Round "1"]
[TimeControl "180+1"]
[Date "2023.08.01"]
[WhiteClock "0:00:00"]
[BlackClock "0:00:05"]
[Board "57"]

1. Nf3 d6 2. c4 Nf6 3. g3 g6 4. Bg2 Bg7 5. O-O O-O 6. Nc3 c6 7. d4 Bf5 8. b3 Ne4 9. Bb2 Nxc3 10. Bxc3 Be4 11. Rc1 Nd7 12. Qd2 e6 13. Rfd1 a5 14. Ne1 Bxg2 15. Nxg2 d5 16. Qd3 a4 17. e4 axb3 18. axb3 dxe4 19. Qxe4 Re8 20. Qd3 Qb6 21. Rb1 Ra3 22. Qc2 Rea8 23. Ne3 Qc7 24. Bb2 Ra2 25. Ra1 h5 26. Rxa2 Rxa2 27. Ra1 Qa5 28. Rxa2 Qxa2 29. Nd1 h4 30. Nc3 Qa5 31. Qd3 Qb4 32. Ne4 Qe1+ 33. Kg2 hxg3 34. hxg3 Qb4 35. Nd2 b5 36. Bc3 Qd6 37. cxb5 Qd5+ 38. Qe4 Qxb5 39. g4 Nf6 40. Qe5 Nd5 41. Qg3 Qe2 42. Ba5 Bxd4 43. Nf3 Qe4 44. Qb8+ Kg7 45. Kg3 Bb2 46. Bc7 Nf6 47. Bf4 e5 48. Nxe5 Bxe5 49. Qxe5 Qd3+ 50. Qe3 Ne4+ 51. Kf3 Nd2+ 52. Kg2 Qxe3 53. Bxe3 Nxb3 54. Kf3 Kf6 55. Ke4 Ke6 56. g5 c5 57. f4 Kd6 58. f5 Na5 0-1


[Site "https://www.chess.com"]

[Event "Titled Tuesday Blitz August 1 Early 2023"]
[White "Harvey, Marcus R"]
[Black "Rodriguez, Santiago"]
[WhiteFideId "400092"]
[BlackFideId "3000591"]
[WhiteElo "2806"]
[BlackElo "2449"]
[Result "1-0"]
[Round "1"]
[TimeControl "180+1"]
[Date "2023.08.01"]
[WhiteClock "0:01:49"]
[BlackClock "0:00:14"]
[Board "58"]

1. d4 Nf6 2. c4 e6 3. g3 d5 4. Bg2 Be7 5. Nf3 O-O 6. O-O dxc4 7. Qc2 b6 8. Bg5 Nbd7 9. Bxf6 Nxf6 10. Ne5 Nd5 11. Nc6 Qd6 12. Qxc4 Bb7 13. Rc1 Bxc6 14. Qxc6 Qxc6 15. Rxc6 Bd6 16. Bxd5 exd5 17. Nc3 Rfe8 18. e3 Red8 19. Nxd5 Bxg3 20. Ne7+ Kf8 21. hxg3 Kxe7 22. Rxc7+ Ke6 23. Rac1 Rd7 24. d5+ Ke7 25. e4 Rd8 26. f4 g6 27. e5 Kf8 28. d6 Kg7 1-0


[Site "https://www.chess.com"]

[Event "Titled Tuesday Blitz August 1 Early 2023"]
[White "Rosh Jain"]
[Black "Ohanyan, Emin"]
[WhiteFideId "25789465"]
[BlackFideId "13312022"]
[WhiteElo "2448"]
[BlackElo "2803"]
[Result "0-1"]
[Round "1"]
[TimeControl "180+1"]
[Date "2023.08.01"]
[WhiteClock "0:01:30"]
[BlackClock "0:02:48"]
[Board "59"]

1. e4 e5 2. Nf3 Nc6 3. Bb5 f5 4. exf5 e4 5. Ng1 Nf6 6. Ne2 d5 7. d4 Bxf5 8. Bf4 Bd6 9. Nbc3 O-O 10. Qd2 Ne7 11. Bxd6 Qxd6 12. O-O-O a5 13. Ba4 c6 14. Bb3 b5 15. a4 b4 16. Nb1 Ng4 17. Ng3 Bg6 18. Rdf1 Qf4 19. f3 e3 20. Qe2 Nf2 21. Rxf2 exf2+ 22. Nd2 Nf5 23. Nxf5 Bxf5 24. Qxf2 Rae8 25. Re1 Qxd4 26. Qf1 c5 27. g4 Bg6 28. f4 c4 29. Nxc4 dxc4 30. Bxc4+ Kh8 31. f5 Rxe1+ 32. Qxe1 Qxc4 33. fxg6 Qf4+ 34. Kb1 Qf1 35. Qxf1 Rxf1+ 36. Ka2 hxg6 37. c3 bxc3 38. bxc3 Rf4 39. h3 Rxa4+ 40. Kb3 Re4 41. c4 Kg8 42. c5 Kf8 43. c6 Ke7 44. c7 Kd7 45. c8=Q+ Kxc8 0-1


[Site "https://www.chess.com"]

[Event "Titled Tuesday Blitz August 1 Early 2023"]
[White "Nazari, Arad"]
[Black "Matyukov, Petr"]
[WhiteFideId "12577324"]
[BlackFideId "4103688"]
[WhiteElo "2801"]
[BlackElo "2447"]
[Result "1-0"]
[Round "1"]
[TimeControl "180+1"]
[Date "2023.08.01"]
[WhiteClock "0:02:38"]
[BlackClock "0:01:26"]
[Board "60"]

1. e4 c6 2. Nf3 d5 3. Nc3 dxe4 4. Nxe4 Nf6 5. Qe2 Nxe4 6. Qxe4 Qd5 7. Qf4 Qf5 8. Qe3 Qe6 9. b3 Qxe3+ 10. fxe3 Nd7 11. Bb2 f6 12. O-O-O e5 13. d4 exd4 14. exd4 Be7 15. Re1 Kf7 16. Bc4+ Kf8 17. Re2 Nb6 18. Rhe1 Bb4 19. Re8# 1-0


[Site "https://www.chess.com"]

[Event "Titled Tuesday Blitz August 1 Early 2023"]
[White "Zeman, Matyas"]
[Black "Mahdavi, Reza"]
[WhiteFideId "364398"]
[BlackFideId "12595926"]
[WhiteElo "2446"]
[BlackElo "2799"]
[Result "0-1"]
[Round "1"]
[TimeControl "180+1"]
[Date "2023.08.01"]
[WhiteClock "0:00:01"]
[BlackClock "0:00:06"]
[Board "61"]

1. d4 Nf6 2. Nf3 e6 3. Bf4 d5 4. e3 Bd6 5. Bg3 O-O 6. Nbd2 b6 7. c3 c5 8. Bd3 Ba6 9. Bxa6 Nxa6 10. Qa4 Nb8 11. O-O Qc7 12. Bxd6 Qxd6 13. dxc5 bxc5 14. e4 Nc6 15. Rad1 Qc7 16. exd5 exd5 17. Nb3 c4 18. Nbd4 Ne7 19. Rfe1 Ng6 20. Re2 Nf4 21. Rc2 Rfe8 22. Qc6 Qe7 23. g3 Nd3 24. Re2 Qf8 25. Rdd2 Ne4 26. Rc2 Rad8 27. Nf5 Re6 28. Qc7 Rde8 29. N3d4 Re5 30. f3 Nf6 31. b3 g6 32. Nd6 R8e7 33. Qc6 Rxe2 34. Rxe2 Rxe2 35. Nxe2 Qe7 36. Qc8+ Kg7 37. Nd4 Qe1+ 38. Kg2 Qf2+ 39. Kh3 Qf1+ 40. Kh4 h6 41. f4 Nxf4 42. N6f5+ Kh7 43. Qf8 g5# 0-1


[Site "https://www.chess.com"]

[Event "Titled Tuesday Blitz August 1 Early 2023"]
[White "Bauman_Guy"]
[Black "Bochnicka, Vladimir"]
[BlackFideId "14943450"]
[WhiteElo "2795"]
[BlackElo "2446"]
[Result "1/2-1/2"]
[Round "1"]
[TimeControl "180+1"]
[Date "2023.08.01"]
[WhiteClock "0:02:11"]
[BlackClock "0:01:19"]
[Board "62"]

1. e4 c5 2. Nf3 Nc6 3. d4 cxd4 4. Nxd4 e5 5. Nb5 d6 6. a4 Be7 7. N1c3 a6 8. Na3 Nf6 9. Bg5 O-O 10. Bxf6 Bxf6 11. Nd5 Bg5 12. g3 Rb8 13. Bg2 b5 14. O-O Be6 15. axb5 axb5 16. c3 Ne7 17. Nxe7+ Bxe7 18. Nc2 Qb6 19. Nb4 Ra8 20. Qd2 Qc5 21. h4 Rfc8 22. Kh2 Bd8 23. Bh3 Bxh3 24. Kxh3 Bb6 25. Nd5 Rxa1 26. Rb1 Rxb1 1/2-1/2


[Site "https://www.chess.com"]

[Event "Titled Tuesday Blitz August 1 Early 2023"]
[White "Gaal, Zsoka"]
[Black "Rahman, Masruri"]
[WhiteFideId "777765"]
[BlackFideId "7101163"]
[WhiteElo "2445"]
[BlackElo "2790"]
[Result "1/2-1/2"]
[Round "1"]
[TimeControl "180+1"]
[Date "2023.08.01"]
[WhiteClock "0:00:02"]
[BlackClock "0:00:03"]
[Board "63"]

1. Nf3 d5 2. g3 c6 3. Bg2 Nf6 4. O-O Bf5 5. c4 e6 6. Qb3 Qb6 7. d3 Nbd7 8. cxd5 cxd5 9. Qxb6 axb6 10. Nd4 Bg6 11. Nb5 Rc8 12. N1c3 Be7 13. Bf4 O-O 14. Nd6 Rb8 15. Ncb5 Rfd8 16. d4 Nh5 17. Bd2 Ndf6 18. Bb4 Ne8 19. Nxe8 Bxb4 20. Nec7 Nf6 21. Rfc1 h5 22. Na7 h4 23. Ncb5 hxg3 24. hxg3 Ne8 25. a3 Be7 26. Rc3 Bf6 27. Bf3 e5 28. dxe5 Bxe5 29. Re3 Bxb2 30. Rd1 d4 31. Re7 Nd6 32. Nxd6 Rxd6 33. Nb5 Rdd8 34. Rxb7 Rxb7 35. Bxb7 d3 36. exd3 Rxd3 37. Rxd3 Bxd3 38. Bc6 Kf8 39. Kg2 Ke7 40. Kf3 Bc1 41. a4 g5 42. Na7 Kd6 43. Bb5 Bf5 44. Nc6 g4+ 45. Ke2 Bb2 46. Nb4 Be4 47. Nd3 Bd4 48. Nf4 Bf3+ 49. Kf1 Kc5 50. Nd3+ Kd6 51. Nf4 f6 52. Nh5 Kc5 53. Ng7 Kb4 54. Ne6 Bc3 55. Nc7 Ka5 56. Ne8 Bd1 57. Nd6 Bxa4 58. Be2 b5 59. Bxg4 b4 60. Be6 b3 61. Bxb3 Bxb3 62. Ne4 Be5 63. Ke2 Kb4 64. f4 Bb2 65. g4 Bd5 66. Ke3 Bc4 67. g5 Bc1+ 68. Kf3 f5 69. Nd6 Bd5+ 70. Kg3 Be6 71. g6 Bb2 72. Ne8 Kc5 73. Kh4 Kc6 74. Kg5 Kd7 75. Nf6+ Ke7 76. Nh5 Kf8 77. Ng3 Ke7 78. Nxf5+ Kd7 79. g7 Bxg7 80. Nxg7 Bd5 81. f5 Ke7 82. Kg6 Be4 83. Kg5 Bxf5 1/2-1/2


[Site "https://www.chess.com"]

[Event "Titled Tuesday Blitz August 1 Early 2023"]
[White "Dziththauly Ramadhan"]
[Black "Willy, Stephen"]
[WhiteFideId "7105525"]
[BlackFideId "30981468"]
[WhiteElo "2785"]
[BlackElo "2445"]
[Result "0-1"]
[Round "1"]
[TimeControl "180+1"]
[Date "2023.08.01"]
[WhiteClock "0:01:04"]
[BlackClock "0:00:19"]
[Board "64"]

1. d4 d5 2. c4 e6 3. cxd5 exd5 4. Nc3 c6 5. Qc2 g6 6. e3 Bf5 7. Bd3 Bxd3 8. Qxd3 Nf6 9. Nge2 Bd6 10. f3 O-O 11. O-O Qe7 12. e4 Bc7 13. e5 Nfd7 14. f4 f6 15. Be3 Na6 16. a3 Bb6 17. Rae1 Nc7 18. g4 fxe5 19. fxe5 Qh4 20. g5 Ne6 21. Qd2 Nxe5 22. dxe5 Rxf1+ 23. Kxf1 Qh3+ 24. Kf2 Bxe3+ 25. Qxe3 Rf8+ 26. Nf4 Rxf4+ 27. Ke2 Qg2+ 28. Kd1 Qxb2 29. Re2 Rf1+ 30. Re1 d4 31. Qe2 Rxe1+ 32. Qxe1 dxc3 0-1


[Site "https://www.chess.com"]

[Event "Titled Tuesday Blitz August 1 Early 2023"]
[White "TomLiu777"]
[Black "Wagh Suyog"]
[BlackFideId "25071688"]
[WhiteElo "2444"]
[BlackElo "2782"]
[Result "1-0"]
[Round "1"]
[TimeControl "180+1"]
[Date "2023.08.01"]
[WhiteClock "0:00:04"]
[BlackClock "0:00:03"]
[Board "65"]

1. c4 e5 2. Nc3 Nf6 3. Nf3 Nc6 4. e4 Bb4 5. d3 O-O 6. a3 Bc5 7. b4 Bd4 8. Bd2 d6 9. Be2 Bb6 10. O-O Bg4 11. Bg5 h6 12. Be3 Bxf3 13. Bxf3 Bd4 14. Qd2 a6 15. Rab1 Re8 16. Bd1 Bxe3 17. fxe3 Ne7 18. Bb3 c6 19. h3 Ng6 20. Rf2 Qe7 21. Rbf1 Rad8 22. a4 Nf8 23. Qa2 Ne6 24. Ne2 a5 25. b5 Nc5 26. Bc2 d5 27. cxd5 cxd5 28. Ng3 Qe6 29. Qa3 b6 30. Bb1 dxe4 31. Ba2 Rxd3 32. Qb2 Qd7 33. Nh5 Rd6 34. Nxf6+ Rxf6 35. Rxf6 gxf6 36. Qf2 Qd6 37. Qg3+ Kf8 38. Qh4 Ke7 39. Qxh6 Nxa4 40. Qh5 Rf8 41. Rd1 Qc7 42. Rf1 Nc3 43. Bb3 a4 44. Qf5 Qd6 45. Bc4 a3 46. Qf2 a2 47. Qb2 Na4 48. Qxa2 Nc5 49. Qb2 Nd7 50. Qf2 Qc5 51. Qe2 Qb4 52. Rd1 Rc8 53. Qa2 Rc7 54. Bb3 Qc5 55. Bxf7 Qxe3+ 56. Kh1 Nc5 57. Qd5 Kf8 58. Bg6 Re7 59. Qa8+ Kg7 60. Qd8 Kxg6 61. Qxe7 Nd3 62. Qe8+ Kf5 63. Qd7+ Kf4 64. Qg4# 1-0


[Site "https://www.chess.com"]

[Event "Titled Tuesday Blitz August 1 Early 2023"]
[White "Priasmoro, Novendra"]
[Black "Kashtanov, Ruslan"]
[WhiteFideId "7105029"]
[BlackFideId "4124871"]
[WhiteElo "2780"]
[BlackElo "2437"]
[Result "1-0"]
[Round "1"]
[TimeControl "180+1"]
[Date "2023.08.01"]
[WhiteClock "0:00:21"]
[BlackClock "0:00:00"]
[Board "66"]

1. e4 c6 2. d4 d5 3. Nd2 dxe4 4. Nxe4 Bf5 5. Ng3 Bg6 6. h4 h6 7. Nf3 Nd7 8. h5 Bh7 9. Bd3 Bxd3 10. Qxd3 e6 11. Bd2 Ngf6 12. O-O-O Be7 13. Kb1 Qb6 14. c4 Rd8 15. Bc3 Qa6 16. Qe2 O-O 17. Ne5 b5 18. b3 bxc4 19. Qxc4 Qxc4 20. bxc4 Nxe5 21. dxe5 Ng4 22. Ne4 f5 23. exf6 Nxf6 24. Nxf6+ Bxf6 25. Ba5 Rb8+ 26. Kc1 Rb2 27. Rd2 Rfb8 28. Rxb2 Rxb2 29. Re1 Rxa2 30. Bd2 Ra1+ 31. Kc2 Rxe1 32. Bxe1 Bd4 33. f3 Kf7 34. Kd3 Bc5 35. g4 Bb6 36. Bc3 a5 37. c5 Bxc5 38. Bxa5 Bd6 39. Ke4 Bb8 40. Bc3 g6 41. Bd2 gxh5 42. gxh5 Kg7 43. Bc3+ Kh7 44. Bd4 Bd6 45. Bb6 Bb8 46. Bc5 Bc7 47. Be7 Bb8 48. Kd4 Ba7+ 49. Ke5 Kg7 50. Kxe6 c5 51. f4 c4 52. f5 1-0


[Site "https://www.chess.com"]